Cogmind - Beta 16 @@@ ROGUE MODE // 2025.12.27 @ 16:15:33 Player: PE-P51 Result: Self-destructed Performance ------------- Evolutions (1) 500 Regions Visited (4) 800 Robots Destroyed (82) 410 Value Destroyed (1795) 1795 Prototype IDs (27) 540 Alien Tech Used (0) 0 Bonus (359) 359 TOTAL SCORE: 4404 Bonus ------- High Alert Combat Kills 59 Aligned with FarCom 300 Cogmind --------- Core Integrity 66/400 Matter 280/300 Energy 100/100 System Corruption 2% Temperature Cool (0) Movement Treading (240) Ox1 Location -9/Exiles Parts ------- > --- POWER (1) -------- (None) > --- PROPULSION (3) --- Light Treads Improved Treads > --- UTILITY (3) ------ Huge Storage Unit Improved Targeting Computer > --- WEAPON (2) ------- (None) > --- INVENTORY (25) --- Improved Ion Engine Nuclear Core Nuclear Core Light Treads Armored Wheel Flight Unit Flight Unit Flight Unit Flight Unit Flight Unit High-capacity Storage Unit High-capacity Storage Unit Hacking Suite Authchip [R/Combat] Authchip [Device] Authchip [Processor] Light Assault Rifle Heavy Assault Rifle Heavy Assault Rifle Autogun Autogun Mini Grenade Launcher Mini Grenade Launcher Mini Grenade Launcher Datajack Peak State ------------ > --- POWER ------------ Nuclear Core > --- PROPULSION ------- Improved Treads Improved Treads Improved Treads > --- UTILITY ---------- Huge Storage Unit Improved Targeting Computer Light Armor Plating > --- WEAPON ----------- Autogun Autogun > --- INVENTORY -------- Improved Ion Engine Nuclear Core Nuclear Core Light Treads Light Treads Light Treads Improved Treads Armored Wheel Flight Unit Flight Unit Flight Unit Flight Unit Flight Unit Flight Unit High-capacity Storage Unit High-capacity Storage Unit Authchip [R/Combat] Authchip [Device] Authchip [Processor] Light Assault Rifle Heavy Assault Rifle Mini Grenade Launcher Mini Grenade Launcher Datajack [Rating: 21] Favorites ----------- Power Nuclear Core Engine Light Ion Engine Power Core Nuclear Core Propulsion Improved Treads Treads Improved Treads Leg Aluminum Leg Flight Unit Flight Unit Utility Improved Targeting Computer Device Improved Heat Sink Storage Huge Storage Unit Processor Improved Targeting Computer Protection Light Armor Plating Weapon Heavy Assault Rifle Energy Cannon Advanced Beam Cannon Ballistic Gun Heavy Assault Rifle Launcher Mini Grenade Launcher Build | -11 -10 -9 -9 -9 ------- Run | Yrd Mat Mat Min Exi Slots Evolved 2 | . . 2 . . Power . | . . . . . Propulsion 1 | . . 1 . . Utility 1 | . . 1 . . Weapon . | . . . . . Parts Attached 51 | . 19 30 2 . Power 8 | . 4 4 . . Engine 7 | . 4 3 . . Core 1 | . . 1 . . Reactor . | . . . . . Propulsion 15 | . 3 10 2 . Treads 8 | . 2 4 2 . Leg 6 | . . 6 . . Wheel . | . . . . . Hover . | . . . . . Flight 1 | . 1 . . . Utility 10 | . 6 4 . . Device 1 | . 1 . . . Storage 2 | . 1 1 . . Processor 2 | . 1 1 . . Hackware . | . . . . . Protection 5 | . 3 2 . . Artifact . | . . . . . Weapon 18 | . 6 12 . . Energy Gun . | . . . . . Energy Cannon 1 | . . 1 . . Ballistic Gun 16 | . 6 10 . . Ballistic Cannon . | . . . . . Launcher 1 | . . 1 . . Special Weapon . | . . . . . Impact Weapon . | . . . . . Slashing Weapon . | . . . . . Piercing Weapon . | . . . . . Special Melee Weapon . | . . . . . Unidentified Prototypes 2 | . . 2 . . Parts Lost 14 | . 4 5 5 . Power 4 | . 2 1 1 . Propulsion 7 | . 1 3 3 . Utility 2 | . 1 . 1 . Weapon 1 | . . 1 . . Highest Loss Streak 5 | . 1 2 5 . To Critical Strikes . | . . . . . Average Backups 21 | . 15 24 23 24 Power 2 | . 1 2 3 3 Propulsion 9 | . 7 10 7 7 Utility 4 | . 1 5 6 6 Weapon 5 | . 6 4 5 7 Tool/Special . | . . . . . Unused Backups 43 | . 3 20 . 20 Power 6 | . . 3 . 3 Propulsion 19 | . 2 10 . 7 Utility 6 | . 1 . . 5 Weapon 11 | . . 7 . 4 Tool/Special 1 | . . . . 1 Average Slot Usage (%) 91 | . 95 93 76 44 Engine 6 | . 12 4 3 . Core 4 | . . 6 . . Treads 22 | . 17 23 25 22 Leg 7 | . 9 7 . . Device 1 | . 5 . . . Storage 11 | . 14 11 11 11 Processor 9 | . 1 11 12 11 Protection 5 | . 6 5 1 . Ballistic Gun 21 | . 25 21 22 . Peak Build Rating 21 | . 11 21 19 12 Average Rating 15 | . 8 18 15 10 On Entrance 11 | 6 6 10 19 14 Avg Prop Armor Cover (%) 9 | . . 9 . . Naked Turns . | . . . . . Heaviest Build 96 | 10 48 96 96 80 Greatest Support 69 | 20 40 69 66 43 Greatest Overweight (x) 4 | . 2 4 2 1 Average Overweight (x) 1 | . 1 1 1 1 Largest Inventory Capacity 25 | . 20 25 25 25 Average Capacity 23 | . 19 24 25 25 Most Carried 25 | . 20 25 25 25 Average Carried 22 | . 15 24 23 24 Final Capacity 25 | 8 20 25 25 25 Final Carried 25 | 6 20 25 23 25 Class Distribution -------------------- 92% | Mutant 7% | Scavenger-Mutant Dominant Class ---------------- Mutant | -10/Materials Mutant | -9/Materials Mutant | -9/Mines Mutant | -9/Exiles Resources | -11 -10 -9 -9 -9 ----------- Run | Yrd Mat Mat Min Exi Matter Collected 2009 | 200 338 1454 17 . Remotely . | . . . . . Salvage Created 2625 | . 533 2092 . . Parts 181 | . 41 140 . . Haulers Intercepted 5 | . . 5 . . Recyclers Shooed 1 | . . 1 . . Parts Field Recycled . | . . . . . Retrieved Matter . | . . . . . Parts Self-Destructed . | . . . . . Prevented . | . . . . . Parts Restored . | . . . . . Kills | -11 -10 -9 -9 -9 ------- Run | Yrd Mat Mat Min Exi Combat Hostiles Destroyed 56 | . 17 39 . . Guns 52 | . 17 35 . . AOE 4 | . . 4 . . Classes Destroyed 12 | . 4 8 . . Worker 6 | . . 6 . . Builder 2 | . . 2 . . Tunneler 1 | . 1 . . . Hauler 5 | . . 5 . . Recycler 1 | . . 1 . . Mechanic 2 | . . 2 . . Operator 5 | . 1 4 . . Watcher 4 | . . 4 . . Swarmer 19 | . 9 10 . . Grunt 27 | . 8 19 . . Duelist 1 | . . 1 . . Sentry 9 | . . 9 . . Best Kill Streak 10 | . 3 10 . . Combat Bots Only 6 | . 3 6 . . Max Kills in Single Turn 3 | . 1 3 . . Gunslinging . | . . . . . Exploded 3 | . . 3 . . Melee . | . . . . . Uniques/NPCs Destroyed . | . . . . . Combat | -11 -10 -9 -9 -9 -------- Run | Yrd Mat Mat Min Exi Hostile Shots Fired 399 | . 160 229 10 . Missed 124 | . 52 70 2 . Hits 275 | . 108 159 8 . Melee 10 | . . 10 . . Projectile 265 | . 108 149 8 . AOE 10 | . . . 10 . Critical Strikes 8 | . 1 7 . . Damage Taken 3603 | . 1087 2113 403 . Core 534 | . 200 235 99 . Absorbed by Shields . | . . . . . Regen/Repaired (Parts) 139 | . 89 50 . . Core Remaining (%) 60 | 100 20 . . . Volleys Fired 280 | . 110 170 . . Largest 2 | . 2 2 . . Hottest 46 | . 40 46 . . Shots Fired 523 | . 188 335 . . Gun 521 | . 188 333 . . Cannon . | . . . . . Launcher 2 | . . 2 . . Special . | . . . . . Kinetic 521 | . 188 333 . . Thermal . | . . . . . Explosive 2 | . . 2 . . Electromagnetic . | . . . . . Robot Hit Streak 16 | . 14 16 . . Robot Miss Streak 4 | . 4 4 . . Penetration Max . | . . . . . Secondary Targets 4 | . 3 1 . . Max Gunslinging Chain 1 | . 1 1 . . Shots Hit Robots 334 | . 122 212 . . Core Hits 128 | . 46 82 . . Critical Kills . | . . . . . Critical Parts Destroyed 2 | . . 2 . . Critical Strikes 2 | . . 2 . . Destroy 2 | . . 2 . . Melee Attacks . | . . . . . Impact . | . . . . . Slashing . | . . . . . Piercing . | . . . . . Sneak Attacks . | . . . . . Combat Hostiles . | . . . . . Follow-up Attacks . | . . . . . Damage Inflicted 4508 | . 971 3528 9 . Guns 4205 | . 957 3248 . . Cannons . | . . . . . Explosions 227 | . . 227 . . Melee . | . . . . . Ramming 76 | . 14 53 9 . Kinetic 4205 | . 957 3248 . . Thermal . | . . . . . Explosive 227 | . . 227 . . Electromagnetic . | . . . . . Impact . | . . . . . Slashing . | . . . . . Piercing . | . . . . . Highest Corruption 2 | . . 2 2 2 Average Corruption 2 | . . 2 2 2 Corruption Purged . | . . . . . Corruption Blocked . | . . . . . Effects 36 | . . 31 2 3 Message Errors 7 | . . 7 . . Matter Fused 11 | . . 7 1 3 Heat Flow Errors 5 | . . 5 . . Energy Discharges 8 | . . 8 . . Data Loss (minor) 3 | . . 3 . . Data Loss (major) 1 | . . . 1 . Alerts 1 | . . 1 . . Overload Shots . | . . . . . Overflow Damage . | . . . . . Projectiles . | . . . . . Explosions . | . . . . . Melee . | . . . . . Knockbacks 2 | . . 2 . . Impact 2 | . . 2 . . Kinetic . | . . . . . Secondary . | . . . . . Self-Inflicted Damage . | . . . . . Shots . | . . . . . Rammed 10 | . 3 5 2 . Targets Rammed 18 | . 5 11 2 . Kicked 7 | . 2 5 . . Crushed 1 | . . 1 . . Highest Temperature 276 | . 106 276 . . Average Temperature 32 | . 28 34 . . Received Heat Transfer 1116 | . 345 771 . . Siege Activations . | . . . . . Martial Activations . | . . . . . Shielding Activations . | . . . . . Robots Disrupted . | . . . . . Combat Hostiles . | . . . . . Robots Corrupted . | . . . . . Combat Hostiles . | . . . . . Parts Fried . | . . . . . Impact Corruptions . | . . . . . Robots Melted . | . . . . . Combat Hostiles . | . . . . . Parts Melted . | . . . . . Heat Transferred . | . . . . . Parts Sabotaged . | . . . . . Parts Stolen . | . . . . . Parts Stripped . | . . . . . Power Chain Reactions . | . . . . . Alert | -11 -10 -9 -9 -9 ------- Run | Yrd Mat Mat Min Exi Maximum Alert Level 2 | . . 2 1 . Low Security (%) 58 | . 100 41 91 . Level 1 20 | . . 28 8 . Level 2 20 | . . 29 . . Level 3 . | . . . . . Level 4 . | . . . . . Level 5 . | . . . . . High Security . | . . . . . Max Security . | . . . . . Peak Influence 554 | . 114 554 202 . Initial 202 | . . 11 202 . Average 201 | . 49 260 112 . Influence Increases 1688 | . 470 1218 . . Destroy 0b10 Robot/C 1120 | . 340 780 . . Destroy 0b10 Robot/NC 130 | . 10 120 . . Destroy Leader 338 | . 80 258 . . Successful Hack 48 | . 25 23 . . Destroy Structure 22 | . . 22 . . Partial Spotted 15 | . 15 . . . Lose Combat Pursuer 15 | . . 15 . . Influence Decreases 1688 | . 441 726 479 42 Entered New Map 379 | . . 18 319 42 Time Decay 1169 | . 401 658 110 . Lost Part 140 | . 40 50 50 . Squads Dispatched 14 | . 4 10 . . Investigation 4 | . . 4 . . Extermination . | . . . . . Reinforcement 10 | . 4 6 . . Assault . | . . . . . Garrison . | . . . . . Intercept . | . . . . . Searches Triggered . | . . . . . Construction Impeded 1 | . . 1 . . Haulers Reinforced . | . . . . . Active Scanning Responses . | . . . . . Cargo Convoy Interrupts . | . . . . . Stealth | -11 -10 -9 -9 -9 --------- Run | Yrd Mat Mat Min Exi Distress Signals 4 | . 1 3 . . Communications Jammed . | . . . . . Distress Signals . | . . . . . Times Spotted 103 | . 35 65 3 . Peak Tracking Total 5 | . 4 5 2 . Tactical Retreats 1 | . . 1 . . Traps | -11 -10 -9 -9 -9 ------- Run | Yrd Mat Mat Min Exi Traps Triggered 3 | . . 3 . . Indirectly . | . . . . . Trap Hack Attempts . | . . . . . Triggered . | . . . . . Disarmed . | . . . . . Reprogrammed . | . . . . . Reused . | . . . . . Traps Extracted . | . . . . . Installed . | . . . . . Triggered . | . . . . . Machines | -11 -10 -9 -9 -9 ---------- Run | Yrd Mat Mat Min Exi Machines Disabled . | . . . . . Max in Single Turn . | . . . . . Machines Repaired . | . . . . . Machines Dismantled . | . . . . . Machines Sabotaged . | . . . . . Overloaded Fab Kills . | . . . . . Hacking | -11 -10 -9 -9 -9 --------- Run | Yrd Mat Mat Min Exi Machines Accessed 12 | . 4 7 . 1 Terminals 9 | . 3 6 . . Fabricators . | . . . . . Repair Stations 2 | . 1 1 . . Recycling Units . | . . . . . Scanalyzers . | . . . . . Garrison Access . | . . . . . Total Hacks 42 | . 16 25 . 1 Successful 17 | . 9 7 . 1 Failed 25 | . 7 18 . . Catastrophic . | . . . . . Database Lockouts . | . . . . . Manual 15 | . 7 7 . 1 Terminals 29 | . 9 20 . . Fabricators . | . . . . . Repair Stations 12 | . 7 5 . . Recycling Units . | . . . . . Scanalyzers . | . . . . . Garrison Access . | . . . . . Terminal Hacks 9 | . 3 5 . 1 Robot Analysis 2 | . 2 . . . Prototype ID Bank 1 | . . 1 . . Alert Level 1 | . . 1 . . Hauler Manifests 1 | . . 1 . . Registered Components 1 | . . 1 . . Zone Layout 2 | . 1 1 . . Proto ID Catalog 1 | . . . . 1 Fabricator Hacks . | . . . . . Repair Station Hacks 6 | . 4 2 . . Scan Component 3 | . 2 1 . . Repair 3 | . 2 1 . . Recycling Unit Hacks . | . . . . . Scanalyzer . | . . . . . Garrison Access Hacks . | . . . . . Unauthorized Hacks 2 | . 2 . . . Terminals 2 | . 2 . . . Botnet 2 | . 2 . . . Fabricators . | . . . . . Repair Stations . | . . . . . Recycling Units . | . . . . . Scanalyzers . | . . . . . Garrison Access . | . . . . . Data Cores Recovered . | . . . . . Used . | . . . . . Hacking Detections 11 | . 4 7 . . Full Trace Events 1 | . . 1 . . Feedback Events . | . . . . . Feedback Blocked . | . . . . . Robot Schematics Acquired . | . . . . . Robots Built . | . . . . . Authchips . | . . . . . Time . | . . . . . Total Robot Build Rating . | . . . . . Part Schematics Acquired . | . . . . . Parts Built . | . . . . . Authchips . | . . . . . Time . | . . . . . Total Part Build Rating . | . . . . . Part Studies Acquired . | . . . . . Parts Repaired 3 | . 2 1 . . Time 90 | . 52 38 . . Parts Recycled . | . . . . . Recycled Matter . | . . . . . Retrieved Matter . | . . . . . Retrieved Components . | . . . . . Parts Scanalyzed . | . . . . . Part Schematics Acquired . | . . . . . Parts Damaged . | . . . . . Bothacking | -11 -10 -9 -9 -9 ------------ Run | Yrd Mat Mat Min Exi Used RIF Installer . | . . . . . Robots Hacked . | . . . . . Non-combat . | . . . . . Combat . | . . . . . Robot Hacks Applied . | . . . . . Relay Couplers Released . | . . . . . Fabnet Peak Effective % . | . . . . . Robots Rewired . | . . . . . Allies Hacked . | . . . . . Hacks Repelled . | . . . . . Allies | -11 -10 -9 -9 -9 -------- Run | Yrd Mat Mat Min Exi Total Allies . | . . . . . Largest Group . | . . . . . Highest-Rated Group . | . . . . . Highest-Rated Ally . | . . . . . Total Orders . | . . . . . Ally Attacks . | . . . . . Total Damage . | . . . . . Kills . | . . . . . Allies Corrupted . | . . . . . Allies Melted . | . . . . . Intel | -11 -10 -9 -9 -9 ------- Run | Yrd Mat Mat Min Exi Active Infowar (turns) . | . . . . . Robot Analysis Total 2 | . 2 . . . Derelict Logs Recovered 1 | . . . 1 . Drone Launches . | . . . . . Drone Recoveries . | . . . . . Exploration | -11 -10 -9 -9 -9 ------------- Run | Yrd Mat Mat Min Exi Turns Passed 6650 | . 1611 4508 234 297 Spaces Moved 2269 | 1 533 1525 87 123 Core . | . . . . . Treads 1769 | . 367 1192 87 123 Legs 500 | 1 166 333 . . Wheels . | . . . . . Hover . | . . . . . Flight . | . . . . . Fastest Speed 120 | 120 120 190 240 240 Average Speed 242 | 120 233 245 240 240 Slowest Speed 480 | 120 260 480 320 240 Overloaded Moves . | . . . . . Propulsion Burnouts . | . . . . . Robots Hopped . | . . . . . Potential Cave-ins . | . . . . . Cave-ins Triggered . | . . . . . Exploration Rate (%) 46 | 2 75 95 19 41 Regions Visited 4 Branch Regions 2 Pre-discovered Areas . | . . . . . Known Exits Taken 1 | . . 1 . . Unknown Exits Taken 3 | 1 1 . 1 . Scrap Searched . | . . . . . Spaces Dug . | . . . . . Terrain Destroyed 21 | . . 21 . . Melee . | . . . . . Projectile . | . . . . . AOE 21 | . . 21 . . Terrain Rammed . | . . . . . Walls Destroyed . | . . . . . Machines Disabled . | . . . . . Actions | -11 -10 -9 -9 -9 --------- Run | Yrd Mat Mat Min Exi Total 2954 | . 749 1971 109 125 Wait 235 | . 60 158 17 . Move 2265 | . 532 1524 86 123 Hop . | . . . . . Pick Up 47 | . 14 32 1 . Fast Attach 11 | . 6 5 . . Attach 11 | . 3 6 2 . Detach 5 | . 2 1 . 2 Swap 38 | . 10 27 1 . Drop 44 | . 7 37 . . Fire 280 | . 110 170 . . Melee . | . . . . . Ram . | . . . . . Kick 7 | . 2 5 . . Crush 11 | . 3 6 2 . Escape Stasis . | . . . . . Rewire . | . . . . . Trap . | . . . . . Miscellaneous . | . . . . . Route ------- -11/Scrapyard -10/Materials (discovered 4 exits: *Mat x3 / [*Min]) -9/Materials (discovered 5 exits: *Mat x3 / *Min x2) -9/Mines -9/Exiles (discovered 1 exit: [*Min]) History --------- Turn | Location | Event 1 | -11/Scrapyard | Discovered new exit (range 0) 1 | -11/Scrapyard | Entered Materials 137 | -10/Materials | Discovered new exit (range 15) 258 | -10/Materials | Repaired Lgt. Ion Engine 285 | -10/Materials | Repaired Lgt. Assault Rifle 317 | -10/Materials | Build established: Mutant 382 | -10/Materials | Discovered new exit (range 15) 647 | -10/Materials | Core integrity fell below 50% 902 | -10/Materials | Discovered new exit (range 10) 1083 | -10/Materials | Discovered new exit (range 13) 1612 | -10/Materials | Entered another Materials area 1612 | -9/Materials | Evolved 2 slots: Propulsion x1, Utility x1 2283 | -9/Materials | Discovered new exit (range 16) 3333 | -9/Materials | Repaired Nuclear Core 3439 | -9/Materials | Discovered new exit (range 9) 3655 | -9/Materials | Discovered new exit (range 13) 3833 | -9/Materials | Discovered new exit (range 15) 4657 | -9/Materials | Core integrity fell below 50% 4822 | -9/Materials | Discovered new exit (range 15) 5815 | -9/Materials | Identified exit to Mines 5981 | -9/Materials | Identified exit to Materials 6120 | -9/Materials | Entered Mines 6121 | -9/Mines | Assembled infested the area 6177 | -9/Mines | Met 8R-AWN 6195 | -9/Mines | Core integrity fell below 20% 6223 | -9/Mines | Lost 5 parts (1p3n1u) 6344 | -9/Mines | Discovered new exit (range 5) 6354 | -9/Mines | Entered Exiles 6387 | -9/Exiles | Discovered new exit (range 15) 6420 | -9/Exiles | Welcomed by 8R-AWN 6456 | -9/Exiles | Met EX-HEX 6519 | -9/Exiles | Met EX-BIN 6550 | -9/Exiles | Aligned with FarCom system 6552 | -9/Exiles | Given EX-Vault access code 6615 | -9/Exiles | Opened EX-Vault 6651 | -9/Exiles | Self-destructed Last Messages --------------- Modified TNC 0b10 Alert Chip Cloak of Protection Skeleton Box Trap Reconfigurator Supersonic Drone Bay Army-in-a-Box PSU Rigger Chronowheel AWS/Thermal Latent Energy Streamer Gui. Plasma Cannon Firepult YOLO Cannon AWS/Gauss XL Autogun Array AWS/Autocannon Field Lobotomy Kit Longsword +1 Deploy-a-Sentry Map ----- +----------------------------------------------------+ | | | | | | | | | | | | | | | | | | | | | | | | | | | | | | | | | | | | | | | | | | | | | | | ?????????????????????????###?????????????????????? | | ??????????????????????####X####??????????????????? | | ??????????????????????# =@ #??????????????????? | | ??????????????????????# ! !#??????????????????? | | ??????????????????????# #??????????????????? | | ??????????????????????## ##??????????????????? | | ??????????????????????#X #???????????????????? | | ??????????????????????## #???????????????????? | | ???????????????????????# #???????????????????? | | ???????????????????????# #???##??????????????? | | ???????????????????????# #??""""?????????????? | | ???????????????????????# ## """????????????? | | ???????????????????????# X""????????????? | | ???????????????????????# ## """????????????? | | ??????????????????###??# #??"""""????????????? | | ?????????????????"""""?# #???#???????????????? | | ?????????????????""" ## #???????????????????? | | ???????????????#""X" #???????????????????? | | ???????????????#" #???????????????????? | | ???????????????#" ## #???????????????????? | | ???????????????#""""""?# #?#########?????????? | | ????????????????#"###??# #?#"""""""#?????????? | | ???????????????????????# #?#"""""""#?????????? | | ???????????????????????# #?#"""""""#?????????? | | ??????????????????????## ###"" """"#?????????? | | ??????????????????????#" """"#?????????? | | ??????????????????????#" """#?????????? | +----------------------------------------------------+ Best States ------------- Heat Dissipation 39 Energy Generation 14 Energy Capacity 265 Matter Stores 300 Matter Capacity 300 Sight Range 16 Terrain Scan Density 10 Armor Coverage 150 Evasion (%) 55 Targeting Accuracy 6 Recoil Reduction 3 Authchip Count 3 Item Schematics ----------------- None Robot Schematics ------------------ None Fabricated ------------ Nothing Repaired ---------- Lgt. Ion Engine | 7% | -10/Materials Lgt. Assault Rifle | 35% | -10/Materials Nuclear Core | 33% | -9/Materials Studied --------- None Alien Tech Used ----------------- None Achievements -------------- None Challenges ------------ None Game ------ Seed HugeHoverArray Manual? 0 Play Time 00:19:56 Cumulative 239.1 hours Start 2025.12.27 @ 15:03:48 End 2025.12.27 @ 16:15:33 Sessions 3 Manual Loads 0 Difficulty Rogue Special Mode None Game No. 319 Rogue 318 Adventurer 1 Explorer 0 Win Type - Total 2 Types 1/0/0/1/0/0/0/0/0/0 Lore% 70 Gallery% 63 Achievement% 55 Wizard Run 0 Options --------- Layout 0 ASCII 0 Keyboard 0 Movement Numpad Keybinds 0 Fullscreen 1 Font 24/Smallcaps Map View 76x50 Zoom Use 0% Tactical HUD 1 Map Filters NONE Filters NONE Steam 1 RUN: 17438317-cea6-47fe-b3a2-8a3502841214